 Dungeon Crawl Stone Soup version 0.31.0-11-ge490571c62 (webtiles) character file.

Game seed: 2530823055832872682

6 RustandSilver the Ducker (level 1, 0/12 HPs)
             Began as a Felid Berserker on Jan 27, 2024.
             Was a Follower of Trog.
             Slain by a dart slug (2 damage)
             ... on level 1 of the Dungeon.
             The game lasted 00:00:23 (98 turns).

RustandSilver the Ducker (Felid Berserker)            Turns: 98, Time: 00:00:24

Health: 0/12       AC:  1    Str: 13    XL:     1   Next: 75%
Magic:  2/2        EV: 18    Int: 10    God:    Trog [*.....]
Gold:   14         SH:  0    Dex: 15    Spells: 0/0 levels left
                                        Lives:  0   Deaths: 1

rFire   . .          .
                       - Unarmed
rCold   . . .        (shield unavailable)
rNeg    . . .        (body armour unavailable)
rPois   .            (helmet unavailable)
rElec   .            (cloak unavailable)
rCorr   .            (gloves unavailable)
SInv    +            (boots unavailable)
Will    .....        (no amulet)
Stlth   +            (no ring)
HPRegen 0.22/turn    (no ring)
MPRegen 0.08/turn

%: no passive effects
@: no status effects
A: very small, claws 1, fangs 3, see invisible, shaggy fur 1, stealthy paws, no
weapons or thrown items, no armour, multi-lived
a: Renounce Religion, Berserk


You were on level 1 of the Dungeon.
You worshipped Trog.
Trog was aware of your devotion.
You visited 1 branch of the dungeon, and saw 1 of its levels.

You collected 14 gold pieces.

You aren't carrying anything.


   Skills:
 + Level 3.1 Fighting
 + Level 4.2 Dodging
 + Level 3.1 Unarmed Combat


You couldn't memorise any spells.
You didn't know any spells.
Your spell library was empty.

Dungeon Overview and Level Annotations

Branches:
Dungeon (1/15)

Altars:


Innate Abilities, Weirdness & Mutations

You have sharp claws.
You have razor-sharp teeth.
You have supernaturally acute eyesight. (SInv)
You are covered in fur. (AC +1)
Your paws help you pounce on unaware monsters.
You are incapable of wielding weapons or throwing items.
You cannot wear armour.
You gain extra lives every three experience levels.


Message History

The dart slug launches a dart at you. The slug dart hits you.
Found a scroll labelled KIATTA EQUZENA.
The ball python attacks as it pursues you!
The ball python bites you. The ball python misses you.
There is an open door here.
The ball python attacks as it pursues you!
The ball python completely misses you. The ball python misses you.
The ball python barely misses you. The ball python grabs you.
The ball python constricts you.
You escape the ball python's grasp.
An endoplasm comes into view.
The endoplasm quivers.
The ball python attacks as it pursues you!
The ball python closely misses you. The ball python completely misses you.
There are monsters nearby!
There are monsters nearby!
There are monsters nearby!
There are monsters nearby!
There are monsters nearby!
There are monsters nearby!
There are monsters nearby!
There are monsters nearby!
There are monsters nearby!
There are monsters nearby!
The dart slug launches a dart at you. The slug dart misses you.
The ball python barely misses you. The ball python misses you.
The ball python closely misses you. The ball python misses you.
You scratch the endoplasm.
You kill the endoplasm!
Trog accepts your kill. The ball python bites you. The ball python misses you.
The ball python misses you. The ball python closely misses you.
The ball python bites you.
* * * LOW HITPOINT WARNING * * *
The ball python completely misses you. The ball python misses you.
The ball python grabs you. The ball python constricts you.
You escape the ball python's grasp.
The dart slug bites you.
You die...

.## ..# #.# ##+##
#.# ##...## ##.#
##.....## # ##..#
##.......## #.
#@w.####.........#
##.#
#.S....'.........+
##...#
##..####.........#
##.....## #..#
##.......#
#......g## ##...
##.....##
.......†$## #.##.
##...##
..........## ### #
##'##
....#......## #.#
## ... ##......##
# #.# #..


You could see a dart slug and a ball python.

Vanquished Creatures
  A bat (D:1)
  2 endoplasms (D:1)
  3 rats (D:1)
6 creatures vanquished.

Notes
Turn   | Place    | Note
-------+----------+-------------------------------------------
     0 | D:1      | RustandSilver the Felid Berserker began the quest for the
                  | Orb.
     0 | D:1      | Reached XP level 1. HP: 12/12 MP: 2/2
    30 | D:1      | Slain by a goblin
    30 | D:1      | Lost a life (0 lives remaining)
    98 | D:1      | Slain by a dart slug

Illustrated notes

Levels and vault maps discovered:
D:1:      dpeg_arrival_central, layout_loops_corners

Action                     || total
---------------------------++-------
  Melee: Unarmed           ||    16
         Bite              ||     2
 Invoke: Berserk           ||     1
 Armour: Skin              ||    15
  Dodge: Dodged            ||    52
